 Dungeon Crawl Stone Soup version 0.18-a0-1088-g34ef3a2 (webtiles) character file.

100 namelastname112 the Insei (level 4, -4/33 HPs)
             Began as a Draconian Wizard on Jan 15, 2016.
             Slain by Grinder (5 damage)
             ... on level 3 of the Dungeon.
             The game lasted 00:04:25 (1811 turns).

namelastname112 the Insei (Draconian Wizard)        Turns: 1811, Time: 00:04:26

Health: -4/33      AC:  7    Str:  9    XL:     4   Next: 47%
Magic:  4/8        EV: 17    Int: 18    God:
Gold:   69         SH:  0    Dex: 16    Spells: 1 memorised, 8 levels left

rFire  . . .     SeeInvis .     n - +2 short sword (holy)
rCold  . . .     Gourm    .     (armour unavailable)
rNeg   . . .     Faith    .     (no shield)
rPois  .         Spirit   .     a - +0 hat
rElec  .         Dismiss  .     q - +1 cloak
rCorr  .         Reflect  .     (no gloves)
SustAt .         Harm     .     (no boots)
MR     .....                    (no amulet)
Stlth  +++.......               (no ring)
                                (no ring)

@: agile, very slightly contaminated, not resistant to hostile enchantments,
fairly stealthy
A: unfitting armour, cold-blooded, AC +5
a: no special abilities


You were on level 3 of the Dungeon.
You were hungry.

You visited 1 branch of the dungeon, and saw 3 of its levels.

You collected 69 gold pieces.

Inventory:

Hand Weapons
 n - a +2 short sword of holy wrath (weapon)
Missiles
 f - 7 javelins (quivered)
Armour
 a - a +0 hat (worn)
 q - a +1 cloak (worn)
Scrolls
 d - a scroll of teleportation {unknown}
 e - a scroll of enchant weapon {unknown}
 g - 2 scrolls of blinking {unknown}
 i - 2 scrolls of enchant armour {unknown}
 j - a scroll of immolation {unknown}
 k - a scroll of amnesia {unknown}
 o - 3 scrolls of remove curse {unknown}
 p - a scroll of magic mapping {unknown}
 r - a scroll of identify {unknown}
Potions
 l - 2 potions of agility
Books
 b - a book of Minor Magic

   Spells                             Type                      Level
   a - Magic Dart                     Conjuration                  1
   b - Blink                          Translocation                2
   c - Call Imp                       Summoning                    2
   d - Repel Missiles                 Charms/Air                   2
   e - Slow                           Hexes                        2
   f - Conjure Flame                  Conjuration/Fire             3
   g - Mephitic Cloud                 Conjuration/Poison/Air       3
Comestibles
 c - 3 bread rations
 h - a beef jerky
 m - a slice of pizza


   Skills:
 - Level 1.7 Dodging
 - Level 1.7 Stealth
 + Level 4.2 Unarmed Combat
 - Level 3.0 Spellcasting
 - Level 1.0 Conjurations
   Level 1.0 Summonings
   Level 1.0 Translocations


You had 8 spell levels left.
You knew the following spells:

 Your Spells              Type           Power        Failure   Level  Hunger
z - Magic Dart            Conj           #...         12%         1    None


Dungeon Overview and Level Annotations

Branches:
Dungeon (3/15)

Altars:
Sif Muna

Annotations:
D:3 Grinder, Terence


Innate Abilities, Weirdness & Mutations

Your plain brown scales are hard (AC +5).
Your body does not fit into most forms of armour.
You are cold-blooded and may be slowed by cold attacks.


Message History

You hit the kobold.
The kobold is severely wounded.
The kobold hits you. Grinder hits you.
You writhe in agony.
The kobold hits you but does no damage.
You hit Grinder.
Grinder convulses.
Grinder is lightly wounded.
Grinder hits you.
You writhe in agony. x2
The kobold barely misses you.
You hit Grinder.
Grinder convulses.
Grinder is lightly wounded.
You feel sick.
You are no longer poisoned.
Grinder gestures at you. Pain shoots through your body!
* * * LOW HITPOINT WARNING * * *
The kobold hits you but does no damage. Grinder hits you but does no damage.
Drink which item? (? for menu, Esc to quit)
It was a potion of agility.
You feel agile all of a sudden. The kobold barely misses you. Grinder hits you.
You die...

.######...#.....# #
.......<..#.....###..
.....$.(.............
#....................
......######...#####
#..... ##.## #####@
#w# # #K# #@# #5# >..
##..# .... #..## #..#
....


You could see Grinder, a worm and a kobold.

Vanquished Creatures
  5 adders
  3 worms (D:2)
  2 giant geckos (D:1)
  4 bats
  4 giant cockroaches
  2 goblins (D:2)
  8 hobgoblins
  4 jackals (D:1)
  6 kobolds
  2 giant newts (D:1)
  6 rats
46 creatures vanquished.

Notes
Turn   | Place    | Note
--------------------------------------------------------------
     0 | D:1      | namelastname112 the Draconian Wizard began the quest for the Orb.
     0 | D:1      | Reached XP level 1. HP: 14/14 MP: 4/4
    84 | D:1      | Reached skill level 1 in Unarmed Combat
   468 | D:1      | Reached XP level 2. HP: 18/20 MP: 0/6
  1163 | D:1      | Reached XP level 3. HP: 22/26 MP: 2/7
  1482 | D:2      | Reached XP level 4. HP: 33/33 MP: 0/8
  1581 | D:2      | Found a deep blue altar of Sif Muna.
  1677 | D:2      | Reached skill level 4 in Unarmed Combat
  1784 | D:3      | Noticed Terence
  1785 | D:3      | Noticed Grinder
  1810 | D:3      | HP: 1/33 [Grinder/nerve-wracking pain (10)]
  1811 | D:3      | Slain by Grinder

Vault maps used:
D:1:      dpeg_arrival_three_same_balls, minmay_misc_feat_rows,
          minmay_fountain_box, minmay_misc_feat_ornament,
          corexii_leaking_fountain, feat_on_display
D:2:      lemuel_doored_altar
D:3:      uniq_grinder, uniq_iyjb, uniq_terence

Action                   |  1- 3 |  4- 6 || total
-------------------------+-------+-------++-------
Melee: Unarmed           |    61 |       ||    61
       Short sword       |    19 |    40 ||    59
Throw: Javelin           |     4 |       ||     4
 Cast: Magic Dart        |    54 |    17 ||    71
  Use: Potion            |       |     1 ||     1
 Stab: Sleeping          |       |     1 ||     1
  Eat: Chunk             |     2 |       ||     2
